 Dungeon Crawl Stone Soup version 0.26-a0-64-g059e62fbdb (webtiles) character file.

Game seed: 4663783930337327465

20624 DungeonDestroyer the Thaumaturge (level 12, -5/103 HPs)
             Began as a Gnoll Skald on June 10, 2020.
             Was a High Priest of Okawaru.
             Slain by a catoblepas (13 damage)
             ... on level 12 of the Dungeon on June 11, 2020.
             The game lasted 00:34:16 (14803 turns).

DungeonDestroyer the Thaumaturge (Gnoll Skald)     Turns: 14803, Time: 00:34:17

Health: -5/103     AC: 15    Str: 20    XL:     12   Next: 81%
Magic:  25/25      EV: 17    Int: 16    God:    Okawaru [*****.]
Gold:   584        SH:  5    Dex: 18    Spells: 16/29 levels left

rFire    . . .     SeeInvis .   y - +6 dire flail (holy)
rCold    . . .     Gourm    .   (shield currently unavailable)
rNeg     . . .     Faith    .   G - +3 ring mail
rPois    .         Spirit   .   h - +0 hat {MR+}
rElec    .         Reflect  +   k - +1 cloak
rCorr    .         Harm     .   T - +1 pair of gloves
MR       +....                  E - +2 pair of boots of Distant Shores {Dex+3}
Stlth    ++++......             P - amulet of reflection
HPRegen  0.27/turn              D - ring of wizardry
MPRegen  0.19/turn              o - ring of stealth

@: no status effects
A: distributed training, fangs 2, deformed body, robust 1, strong 1, wild magic
1, MP-powered wands, strong nose
a: Heroism, Finesse, Renounce Religion


You were on level 12 of the Dungeon.
You worshipped Okawaru.
Okawaru was extremely pleased with you.
You were not hungry.

You visited 2 branches of the dungeon, and saw 13 of its levels.

You collected 894 gold pieces.
You spent 310 gold pieces at shops.

Inventory:

Hand Weapons
 a - a +1 hand axe
 y - a +6 dire flail of holy wrath (weapon)
 K - a +4 scimitar of flaming
Missiles
 b - a throwing net
 e - 390 stones (quivered)
 f - 91 sling bullets
 g - 14 javelins
 l - 326 arrows
 q - 33 poisoned darts
 r - 23 boomerangs
 C - 5 atropa-tipped darts
 F - 21 bolts
Armour
 h - a +0 hat of magic resistance (worn)
 k - a +1 cloak (worn)
 z - a +2 crystal plate armour
 E - the +2 pair of boots of Distant Shores (worn) {Dex+3}
   (You found it on level 5 of the Dungeon)

   It affects your dexterity (+3).
 G - a +3 ring mail (worn)
 T - a +1 pair of gloves (worn)
Jewellery
 o - a ring of stealth (right hand)
 D - a ring of wizardry (left hand)
 N - an uncursed ring of flight
 P - an amulet of reflection (around neck)
Wands
 u - a wand of flame (21)
 w - a wand of clouds (11)
 B - a wand of random effects (25)
 J - a wand of digging (8)
Scrolls
 i - 5 scrolls of blinking
 j - 10 scrolls of remove curse
 s - 7 scrolls of teleportation
 t - 5 scrolls of identify
 v - 3 scrolls of enchant armour
 H - a scroll of fear
 L - 2 scrolls of amnesia
 M - a scroll of holy word
 O - a scroll of silence
 Q - a scroll of immolation
 R - a scroll of torment {unknown}
Potions
 c - 4 potions of cancellation
 m - 5 potions of curing
 n - a potion of haste
 p - 2 potions of brilliance
 x - 3 potions of flight
 A - a potion of resistance
 I - a potion of lignification
Miscellaneous
 S - a tin of tremorstones (3/3)
Comestibles
 d - 25 rations


   Skills:
 + Level 8.8 Fighting
 + Level 7.4 Short Blades
 + Level 7.4 Long Blades
 + Level 8.8 Axes
 + Level 7.4 Maces & Flails
 + Level 7.4 Polearms
 + Level 7.4 Staves
 + Level 7.4 Slings
 + Level 7.4 Bows
 + Level 7.4 Crossbows
 + Level 7.4 Throwing
 + Level 7.9 Armour
 + Level 8.8 Dodging
 + Level 7.4 Stealth
 + Level 7.4 Shields
 + Level 7.4 Unarmed Combat
 + Level 9.0 Spellcasting
 + Level 6.2 Conjurations
 + Level 6.2 Hexes
 + Level 8.3 Charms
 + Level 6.2 Summonings
 + Level 6.2 Necromancy
 + Level 6.2 Translocations
 + Level 6.2 Transmutations
 + Level 6.2 Fire Magic
 + Level 6.2 Ice Magic
 + Level 6.2 Air Magic
 + Level 6.2 Earth Magic
 + Level 6.2 Poison Magic
 + Level 8.1 Invocations
 + Level 7.4 Evocations


You had 16 spell levels left.
You knew the following spells:

 Your Spells              Type           Power        Failure   Level  Hunger
a - Infusion              Chrm           ####         1%          1    None
b - Song of Slaying       Chrm           #####...     1%          2    None
c - Shroud of Golubria    Chrm/Tloc      #####.       1%          2    None
d - Ozocubu's Armour      Chrm/Ice       #####...     1%          3    #......
e - Spectral Weapon       Hex/Chrm       #####...     1%          3    #......
f - Slow                  Hex            #####...     1%          2    None

Your spell library contained the following spells:

 Spells                   Type           Power        Failure   Level  Hunger
 Corona                   Hex            #####..      1%          1    None
 Inner Flame              Hex/Fire       #####...     2%          3    #......
 Portal Projectile        Hex/Tloc       #####.       2%          3    #......
 Cause Fear               Hex            #####.....   7%          4    ###....
 Leda's Liquefaction      Hex/Erth       #####.....   7%          4    ###....


Dungeon Overview and Level Annotations

Branches:
Dungeon (12/15)            Temple (1/1) D:5            Lair (0/6) D:11
    Orc: D:9-12

Altars:
Ashenzari
Cheibriados
Dithmenos
Elyvilon
Fedhas
Gozag
Hepliaklqana
Kikubaaqudgha
Makhleb
Nemelex Xobeh
Okawaru
Qazlal
Ru
Sif Muna
Trog
Uskayaw
Vehumet
Wu Jian
Xom
Yredelemnul
Zin
The Shining One
Lugonu

Shops:
D:7 ?   D:12 [

Portals:
Trove: D:11 (give 18 potions of curing)

Annotations:
D:7 2 transporters


Innate Abilities, Weirdness & Mutations

Your experience applies equally to all skills.
You have extremely sharp teeth.
Your uncanny sense of smell can sniff out nearby items.
Armour fits poorly on your strangely shaped body.
You are robust. (+10% HP)
Your muscles are strong. (Str +2)
Your spells are a little harder to cast, but a little more powerful.
You expend magic power (3 MP) to strengthen your wands.


Message History

The blast of calcifying dust hits you but does no damage.
You are engulfed in calcifying dust.
The catoblepas breathes a plume of calcifying dust at you.
The blast of calcifying dust hits you! The catoblepas gores you!
The catoblepas gores you!!
You turn to flesh and can move again.
Unknown command.
You hit the catoblepas.
The catoblepas is almost dead.
The catoblepas gores you!!
* * * LOW HITPOINT WARNING * * *
Unknown command.
Press: ? - help, v - describe, . - travel
Here: a catoblepas (almost dead)
The floor, spattered with blood.
Unknown command.
Okay, then.
The catoblepas gores you!
You die...

#...#)#)#)..... ##
...##..))[))).....
.###...#....)######..
.....###)#).# . ##....#.#....#
∆ #...#...##...# ∆
#..#........#...#####
#........##.##....... #
#@.##..#....... .
#.Y..#.#.......
######################........
..............................
#.............................
..............................
#.............................
##############################


You could see a catoblepas.

Vanquished Creatures
  Gastronok (D:10)
  Erica (D:8)
  Pikel (D:8)
  A mana viper (shapeshifter) (D:8)
  A necromancer (D:11)
  An ugly thing (D:12)
  2 manticores
  3 cyclopes
  Joseph (D:8)
  Maurice (D:8)
  A hornet (D:8)
  4 trolls
  A hippogriff (D:9)
  Sigmund (D:4)
  5 yaks (D:11)
  Edmund (D:4)
  A porcupine (D:11)
  2 orc warriors
  2 black bears
  2 slaves (D:8)
  Duvessa (D:4)
  2 ice beasts
  A sky beast (D:6)
  A necrophage (D:8)
  5 ogres
  7 centaurs
  2 crocodiles
  4 big kobolds
  8 bullfrogs
  Dowan (D:4)
  A water moccasin zombie (D:11)
  3 scorpions
  10 killer bees
  3 wights (D:10)
  4 howler monkeys
  2 centaur zombies
  A crimson imp (D:7)
  A bullfrog zombie (D:9)
  9 hounds
  2 jellies
  3 orc priests
  3 bullfrog skeletons
  10 orc wizards
  Jessica (D:3)
  5 iguanas
  3 yak simulacra (D:11)
  4 polar bear simulacra (D:11)
  9 worker ants
  2 wolf simulacra (D:11)
  A hound skeleton (D:4)
  A howler monkey zombie (D:4)
  4 gnolls (D:5)
  9 adders
  A white imp (D:5)
  2 oozes
  3 adder zombies
  3 worms
  2 dart slugs (D:4)
  7 leopard geckos
  49 orcs
  3 giant cockroaches
  6 goblins
  5 hobgoblins
  12 jackals
  31 kobolds
  3 quokkas
  A ball python (D:2)
  8 bats
  3 frilled lizards
  2 giant cockroach zombies (D:4)
  A goblin skeleton (D:5)
  2 goblin zombies (D:5)
  3 hobgoblin zombies (D:5)
  A jackal skeleton (D:8)
  A jackal zombie (D:5)
  2 kobold skeletons (D:5)
  A kobold zombie (D:5)
  2 leopard gecko skeletons
  2 orc skeletons (D:5)
  2 quokka skeletons
  A quokka zombie (D:8)
  6 rats
  2 river rat simulacra (D:11)
323 creatures vanquished.

Vanquished Creatures (others)
  11 fungi (D:11)
  12 plants (D:11)
23 creatures vanquished.

Grand Total: 346 creatures vanquished

Notes
Turn   | Place    | Note
-------+----------+-------------------------------------------
     0 | D:1      | DungeonDestroyer the Gnoll Skald began the quest for the
                  | Orb.
     0 | D:1      | Reached XP level 1. HP: 20/20 MP: 6/6
   281 | D:1      | Reached XP level 2. HP: 20/26 MP: 7/7
   676 | D:1      | Gained mutation: You are robust. (+10% HP) [potion of
                  | mutation]
   676 | D:1      | Gained mutation: Your spells are a little easier to cast,
                  | but a little less powerful. [potion of mutation]
   676 | D:1      | Gained mutation: You have extremely sharp teeth. [potion of
                  | mutation]
   676 | D:1      | Gained mutation: You have sharp toenails. [potion of
                  | mutation]
   681 | D:1      | Learned a level 2 spell: Song of Slaying
   684 | D:1      | Learned a level 2 spell: Shroud of Golubria
   684 | D:1      | Lost mutation: You have sharp toenails. [potion of
                  | mutation]
   684 | D:1      | Lost mutation: Your spells are a little easier to cast, but
                  | a little less powerful. [potion of mutation]
   684 | D:1      | Gained mutation: Your spells are a little harder to cast,
                  | but a little more powerful. [potion of mutation]
   684 | D:1      | Gained mutation: You expend magic power (3 MP) to
                  | strengthen your wands. [potion of mutation]
   684 | D:1      | Gained mutation: Your muscles are strong. (Str +2) [potion
                  | of mutation]
   845 | D:2      | Noticed an ogre
   852 | D:2      | Killed an ogre
   852 | D:2      | Reached skill level 1 in Short Blades
   852 | D:2      | Reached skill level 1 in Long Blades
   852 | D:2      | Reached skill level 1 in Maces & Flails
   852 | D:2      | Reached skill level 1 in Polearms
   852 | D:2      | Reached skill level 1 in Staves
   852 | D:2      | Reached skill level 1 in Slings
   852 | D:2      | Reached skill level 1 in Bows
   852 | D:2      | Reached skill level 1 in Crossbows
   852 | D:2      | Reached skill level 1 in Throwing
   852 | D:2      | Reached skill level 1 in Stealth
   852 | D:2      | Reached skill level 1 in Shields
   852 | D:2      | Reached skill level 1 in Unarmed Combat
   852 | D:2      | Reached skill level 5 in Spellcasting
   852 | D:2      | Reached skill level 1 in Conjurations
   852 | D:2      | Reached skill level 1 in Hexes
   852 | D:2      | Reached skill level 1 in Summonings
   852 | D:2      | Reached skill level 1 in Necromancy
   852 | D:2      | Reached skill level 1 in Translocations
   852 | D:2      | Reached skill level 1 in Transmutations
   852 | D:2      | Reached skill level 1 in Fire Magic
   852 | D:2      | Reached skill level 1 in Ice Magic
   852 | D:2      | Reached skill level 1 in Air Magic
   852 | D:2      | Reached skill level 1 in Earth Magic
   852 | D:2      | Reached skill level 1 in Poison Magic
   852 | D:2      | Reached skill level 1 in Invocations
   852 | D:2      | Reached skill level 1 in Evocations
   852 | D:2      | Reached XP level 3. HP: 34/34 MP: 2/9
   852 | D:2      | Reached XP level 4. HP: 41/41 MP: 2/11
  1298 | D:2      | Reached XP level 5. HP: 39/47 MP: 12/12
  1589 | D:2      | Found an ancient bone altar of Kikubaaqudgha.
  1969 | D:3      | Found a radiant altar of Vehumet.
  2357 | D:3      | HP: 2/47 [iguana (12)]
  2715 | D:3      | Found a shadowy altar of Dithmenos.
  2745 | D:3      | Found a burning altar of Makhleb.
  2873 | D:3      | Found a bloodstained altar of Trog.
  2876 | D:3      | Found an iron altar of Okawaru.
  2962 | D:3      | Found a glowing golden altar of the Shining One.
  3300 | D:3      | Noticed Jessica
  3397 | D:3      | Killed Jessica
  3397 | D:3      | Reached XP level 6. HP: 55/55 MP: 9/13
  3412 | D:3      | Found a shimmering blue altar of Sif Muna.
  3841 | D:4      | Noticed Sigmund
  3955 | D:3      | Became a worshipper of Warmaster Okawaru
  4056 | D:4      | Reached skill level 5 in Fighting
  4056 | D:4      | Reached skill level 5 in Axes
  4056 | D:4      | Reached skill level 5 in Dodging
  4105 | D:4      | Found a basalt altar of Yredelemnul.
  4144 | D:4      | Noticed Dowan
  4146 | D:4      | Noticed Duvessa
  4468 | D:4      | Killed Duvessa
  4470 | D:4      | Killed Sigmund
  4470 | D:4      | Reached * piety under Okawaru
  4470 | D:4      | Reached XP level 7. HP: 48/61 MP: 10/15
  4533 | D:4      | Found an opulent altar of Gozag.
  4577 | D:4      | Noticed Edmund
  4600 | D:4      | Killed Edmund
  4867 | D:4      | Found a sacrificial altar of Ru.
  5189 | D:4      | Killed Dowan
  5213 | D:4      | Learned a level 3 spell: Ozocubu's Armour
  5217 | D:4      | Learned a level 3 spell: Spectral Weapon
  5362 | D:5      | Entered Level 5 of the Dungeon
  5363 | D:5      | Reached XP level 8. HP: 69/69 MP: 16/16
  5414 | D:5      | Reached ** piety under Okawaru
  5606 | D:5      | Found a glowing golden altar of the Shining One.
  5625 | D:5      | Reached skill level 6 in Spellcasting
  5871 | D:5      | Found a stormy altar of Qazlal.
  6025 | D:5      | Found a staircase to the Ecumenical Temple.
  6122 | D:5      | Got a pair of faintly humming boots
  6189 | D:5      | Identified the +2 pair of boots of Distant Shores {Dex+3}
                  | (You found it on level 5 of the Dungeon)
  6210 | Temple   | Entered the Ecumenical Temple
  6582 | D:6      | Reached XP level 9. HP: 40/75 MP: 10/18
  6591 | D:6      | Reached *** piety under Okawaru
  7222 | D:7      | Found a transporter.
  7224 | D:7      | Found a transporter.
  7311 | D:7      | Noticed a purple ugly thing
  7311 | D:7      | Noticed a brown ugly thing
  7312 | D:7      | Found a corrupted altar of Lugonu.
  7314 | D:7      | Noticed a red ugly thing
  7317 | D:7      | Noticed a black mamba
  7317 | D:7      | a yak changed into a black mamba
  7590 | D:7      | Found Higizyc's Magic Scroll Shop.
  7593 | D:7      | Bought a scroll of amnesia for 35 gold pieces
  7593 | D:7      | Bought a scroll of holy word for 75 gold pieces
  7593 | D:7      | Bought a scroll of vulnerability for 75 gold pieces
  7593 | D:7      | Bought a scroll of silence for 75 gold pieces
  7593 | D:7      | Bought a scroll of identify for 20 gold pieces
  7593 | D:7      | Bought a scroll of remove curse for 30 gold pieces
  7845 | D:8      | Reached skill level 5 in Armour
  7898 | D:8      | Noticed Erica
  8025 | D:8      | Killed Erica
  8025 | D:8      | Reached **** piety under Okawaru
  8025 | D:8      | Reached skill level 5 in Invocations
  8295 | D:8      | Found a basalt altar of Yredelemnul.
  8308 | D:8      | Reached XP level 10. HP: 84/84 MP: 20/20
  8344 | D:8      | Noticed Pikel
  8375 | D:8      | Killed Pikel
  8375 | D:8      | Reached skill level 7 in Spellcasting
  8594 | D:8      | Noticed a cyclops
  8611 | D:8      | Killed a cyclops
  8611 | D:8      | Reached skill level 5 in Short Blades
  8611 | D:8      | Reached skill level 5 in Long Blades
  8611 | D:8      | Reached skill level 5 in Maces & Flails
  8611 | D:8      | Reached skill level 5 in Polearms
  8611 | D:8      | Reached skill level 5 in Staves
  8611 | D:8      | Reached skill level 5 in Slings
  8611 | D:8      | Reached skill level 5 in Bows
  8611 | D:8      | Reached skill level 5 in Crossbows
  8611 | D:8      | Reached skill level 5 in Throwing
  8611 | D:8      | Reached skill level 5 in Stealth
  8611 | D:8      | Reached skill level 5 in Shields
  8611 | D:8      | Reached skill level 5 in Unarmed Combat
  8611 | D:8      | Reached skill level 5 in Evocations
  8618 | D:8      | Reached ***** piety under Okawaru
  8886 | D:8      | Noticed a guardian serpent
  8887 | D:8      | a guardian serpent changed into a floating eye
  8889 | D:8      | Noticed a shining eye
  8889 | D:8      | a floating eye changed into a shining eye
  8893 | D:8      | Gained mutation: Armour fits poorly on your strangely
                  | shaped body. [a shining eye]
  8902 | D:8      | Noticed a mana viper
  8913 | D:8      | Killed a mana viper
  9126 | D:8      | Noticed Maurice
  9219 | D:8      | Killed Maurice
  9569 | D:8      | Noticed Joseph
  9576 | D:8      | Killed Joseph
 10085 | D:9      | Received a gift from Okawaru
 10577 | D:9      | Reached XP level 11. HP: 70/92 MP: 22/22
 10796 | D:9      | Reached skill level 8 in Spellcasting
 10796 | D:9      | Reached skill level 5 in Conjurations
 10796 | D:9      | Reached skill level 5 in Hexes
 10796 | D:9      | Reached skill level 5 in Summonings
 10796 | D:9      | Reached skill level 5 in Necromancy
 10796 | D:9      | Reached skill level 5 in Translocations
 10796 | D:9      | Reached skill level 5 in Transmutations
 10796 | D:9      | Reached skill level 5 in Fire Magic
 10796 | D:9      | Reached skill level 5 in Ice Magic
 10796 | D:9      | Reached skill level 5 in Air Magic
 10796 | D:9      | Reached skill level 5 in Earth Magic
 10796 | D:9      | Reached skill level 5 in Poison Magic
 10796 | D:9      | Reached XP level 12. HP: 101/101 MP: 22/24
 10816 | D:10     | Entered Level 10 of the Dungeon
 10832 | D:10     | Noticed Gastronok
 10847 | D:10     | Killed Gastronok
 12678 | D:11     | HP: 2/103 [cyclops/large rock (12)]
 13072 | D:10     | Learned a level 2 spell: Slow
 13158 | D:11     | Found a staircase to the Lair.
 13265 | D:11     | Received a gift from Okawaru
 13529 | D:11     | Found a portal to a secret trove of treasure.
 13721 | D:11     | Reached skill level 9 in Spellcasting
 14191 | D:12     | Received a gift from Okawaru
 14287 | D:12     | Received a gift from Okawaru
 14684 | D:12     | Found Pukk's Armour Boutique.
 14779 | D:12     | Noticed a catoblepas
 14803 | D:12     | Slain by a catoblepas

Illustrated notes

Levels and vault maps discovered:
D:1:      dpeg_arrival_renting, layout_basic
D:2:      kennysheep_six_static_rooms, layout_basic, marbit_many_paths
D:3:      layout_basic, minitemple, fiery_altar_vehumet, tgw_sif,
          lemuel_doored_altar, lemuel_coloured_pillars_altar,
          nicolae_dithmenos_through_a_glass_darkly, first_ration,
          minmay_misc_feat_hallway
D:4:      layout_basic, nicolae_gozag_seed_capital, hangedman_ru_absence,
          overflow_temple_1_default, serial_undead, serial_undead_b,
          serial_undead_a, serial_undead_c, serial_undead_f, kennysheep_dice,
          uniq_sigmund, uniq_edmund, uniq_duvessa
D:5:      layout_cave_pools, grunt_qazlal_clouds,
          minmay_temple_entry_enclosed_plants, nicolae_tso_besieged_by_evil
D:6:      layout_rooms
D:7:      gammafunk_corrupted_shrine, layout_cave_pools, serial_shops,
          nicolae_shop_behind_doors, grunt_ogre_cave
D:8:      minmay_bloctagon, layout_basic, grunt_ministairs_11,
          yredelemnul_altar_generic, uniq_maurice, uniq_pikel, uniq_erica,
          uniq_joseph
D:9:      layout_long_grid
D:10:     layout_stronghold, uniq_gastronok
D:11:     layout_roguey, grunt_lair_entry_orc_guard_hut, enter_trove_1,
          eino_house_with_fridge
D:12:     minmay_the_grid_triangle_9x9_recursive_3_mashed
          [minmay_the_grid_triangle_9x9_checkered,
          minmay_the_grid_triangle_9x9_warning,
          minmay_the_grid_triangle_9x9_corruption,
          minmay_the_grid_triangle_9x9_prize_schism,
          minmay_the_grid_triangle_9x9_corrupted_corridor,
          minmay_the_grid_triangle_9x9_cache,
          minmay_the_grid_triangle_9x9_empty,
          minmay_the_grid_triangle_9x9_dagger,
          minmay_the_grid_triangle_9x9_swiss_cheese], layout_long_grid,
          hiddenorc1_lemuel, basic_altar, serial_shops, shop,
          hangedman_decor_peaks_small
Temple:   zaba_magenta_temple

Skill      XL: |  1  2  3  4  5  6  7  8  9 10 11 12 |
---------------+-------------------------------------+-----
Short Blades   | 1 2 3 4 5 6 7 |  7.4
Long Blades    | 1 2 3 4 5 6 7 |  7.4
Maces & Flails | 1 2 3 4 5 6 7 |  7.4
Polearms       | 1 2 3 4 5 6 7 |  7.4
Staves         | 1 2 3 4 5 6 7 |  7.4
Slings         | 1 2 3 4 5 6 7 |  7.4
Bows           | 1 2 3 4 5 6 7 |  7.4
Crossbows      | 1 2 3 4 5 6 7 |  7.4
Throwing       | 1 2 3 4 5 6 7 |  7.4
Stealth        | 1 2 3 4 5 6 7 |  7.4
Shields        | 1 2 3 4 5 6 7 |  7.4
Unarmed Combat | 1 2 3 4 5 6 7 |  7.4
Spellcasting   | 5 6 7 8 9 |  9.0
Conjurations   | 1 2 3 4 5 6 |  6.2
Hexes          | 1 2 3 4 5 6 |  6.2
Summonings     | 1 2 3 4 5 6 |  6.2
Necromancy     | 1 2 3 4 5 6 |  6.2
Translocations | 1 2 3 4 5 6 |  6.2
Transmutations | 1 2 3 4 5 6 |  6.2
Fire Magic     | 1 2 3 4 5 6 |  6.2
Ice Magic      | 1 2 3 4 5 6 |  6.2
Air Magic      | 1 2 3 4 5 6 |  6.2
Earth Magic    | 1 2 3 4 5 6 |  6.2
Poison Magic   | 1 2 3 4 5 6 |  6.2
Invocations    | 1 2 3 4 5 6 7 8 |  8.1
Evocations     | 1 2 3 4 5 6 7 |  7.4
Armour         | 3 4 5 6 7 |  7.9
Fighting       | 5 6 7 8 |  8.8
Axes           | 5 6 7 8 |  8.8
Dodging        | 5 6 7 8 |  8.8
Charms         | 6 7 8 |  8.3

Action                   |  1- 3 |  4- 6 |  7- 9 | 10-12 || total
-------------------------+-------+-------+-------+-------++-------
Melee: Hand axe          |    54 |   187 |    65 |       ||   306
       Bite              |     4 |    21 |    30 |    81 ||   136
       Punch             |       |     1 |     4 |       ||     5
       Dire flail        |       |       |   218 |   579 ||   797
 Cast: Infusion          |     1 |     2 |     2 |     8 ||    13
       Shroud of Golubri |       |     1 |       |     1 ||     2
       Song of Slaying   |       |       |       |     2 ||     2
Evoke: Wand              |       |     1 |       |       ||     1
  Use: Potion            |     5 |     2 |     3 |     7 ||    17
       Scroll            |     3 |     6 |     7 |     4 ||    20
 Stab: Sleeping          |       |     2 |    12 |    11 ||    25
       Distracted        |       |       |       |     4 ||     4
  Eat: Chunk             |       |     6 |     4 |    10 ||    20
       Ration            |       |     4 |       |     4 ||     8
Armor: Leather armour    |    11 |    52 |    66 |       ||   129
       Ring mail         |       |       |    46 |   201 ||   247
Dodge: Dodged            |    39 |   144 |   243 |   548 ||   974
Block: Other             |       |       |       |   126 ||   126
       Reflection        |       |       |       |     6 ||     6

Table legend:
 A = Non-vault XP
 B = Vault XP
 C = Vault XP percentage of total XP
 D = Non-vault monster count
 E = Vault monster count
 F = Vault count percentage of total count
                 A         B        C        D         E       F
            +---------+---------+-------+---------+---------+-------
      Total |   10789 |    9424 |  46.6 |     233 |      88 |  27.4
            +---------+---------+-------+---------+---------+-------
        D:1 |      17 |       0 |   0.0 |      10 |       0 |   0.0
        D:2 |     163 |      13 |   7.4 |      24 |       7 |  22.6
        D:3 |     105 |      37 |  26.1 |      16 |       1 |   5.9
        D:4 |     162 |     695 |  81.1 |       8 |      14 |  63.6
        D:5 |     659 |      21 |   3.1 |      29 |      12 |  29.3
        D:6 |     840 |       0 |   0.0 |      18 |       0 |   0.0
        D:7 |     398 |     113 |  22.1 |      14 |       1 |   6.7
        D:8 |     651 |    4425 |  87.2 |      18 |      17 |  48.6
        D:9 |    1146 |       0 |   0.0 |      28 |       0 |   0.0
       D:10 |    1807 |    2193 |  54.8 |      26 |       1 |   3.7
       D:11 |    3356 |    1723 |  33.9 |      25 |      18 |  41.9
       D:12 |    1485 |     204 |  12.1 |      17 |      17 |  50.0
            +---------+---------+-------+---------+---------+-------
